 Dungeon Crawl Stone Soup version 0.31.0-11-ge490571c62 (webtiles) character file.

Game seed: 8070847326123301213

103 qw the Shooter (level 4, 0/22 HPs)
             Began as a Spriggan Hunter on Feb 4, 2024.
             Slain by a hobgoblin (3 damage)
             ... led by Robin
             ... on level 2 of the Dungeon.
             The game lasted 00:00:04 (1115 turns).

qw the Shooter (Spriggan Hunter)                    Turns: 1115, Time: 00:00:05

Health: 0/22       AC:  2    Str:  7    XL:     4   Next: 51%
Magic:  5/5        EV: 20    Int: 10    God:
Gold:   120        SH:  0    Dex: 20    Spells: 3/3 levels left

rFire   . . .        a - +0 shortbow
rCold   . . .        (shield currently unavailable)
rNeg    . . .        c - +0 robe
rPois   .            (helmet restricted)
rElec   .            (no cloak)
rCorr   .            (gloves unavailable)
SInv    +            (boots unavailable)
Will    .....        (no amulet)
Stlth   ++           (no ring)
HPRegen 0.23/turn    (no ring)
MPRegen 0.09/turn

%: no passive effects
@: very quick
A: very small, no large weapons, unfitting armour, see invisible, speed 3
a: no special abilities


You were on level 2 of the Dungeon.
You visited 1 branch of the dungeon, and saw 2 of its levels.

You collected 120 gold pieces.


Innate Abilities, Weirdness & Mutations

You are very small and have problems with some larger weapons.
You are too small for most types of armour.
You have supernaturally acute eyesight. (SInv)
You cover ground extremely quickly. (Speed+++)


   Skills:
 - Level 1.5 Fighting
 - Level 5.1 Ranged Weapons
 + Level 4.7 Dodging
 - Level 1.5 Stealth


You had 3 spell levels left.
You didn't know any spells.
Your spell library was empty.

Inventory:

Hand Weapons
 a - a +0 shortbow (weapon)
Armour
 c - a +0 robe (worn)
Jewellery
 d - a ring of fire
Scrolls
 b - a scroll of teleportation {unknown}
 e - a scroll of identify
 h - a scroll of enchant armour {unknown}
Potions
 f - a potion of resistance
 g - a potion of curing
 i - 2 potions of attraction {unknown}

Dungeon Overview and Level Annotations

Branches:
Dungeon (2/15)

Altars:

Shops:
D:1 ?


Message History

The arrow hits the goblin.
The goblin is heavily wounded.
The goblin misses you.
Robin roars a battlecry!
The goblins go into a battle-frenzy!
You hear a shout!
You shoot an arrow. The arrow closely misses the goblin.
The goblin barely misses you.
You shoot an arrow. The arrow closely misses the goblin.
The goblin barely misses you. The goblin hits you with a +0 club.
You shoot an arrow. The arrow hits the goblin!
You kill the goblin!
The goblin hits you with a +0 dagger.
A hobgoblin comes into view.
The goblin hits you with a +0 dagger.
You shoot an arrow.
The arrow hits the goblin but does no damage.
The goblin misses you.
A goblin comes into view. It is wielding a +0 dagger.
You shoot an arrow. The arrow hits Robin.
Robin is lightly wounded.
A goblin comes into view. It is wielding a +0 dagger.
Robin hits you with a +0 dagger.
You shoot an arrow. The arrow hits Robin!
Robin is severely wounded.
The goblin misses you. The goblin barely misses you.
Robin points. "Kill!"
Robin hits you with a +0 dagger.
You shoot an arrow. The arrow hits Robin.
Robin is almost dead.
The goblin barely misses you. The goblin closely misses you.
Robin throws the goblin at you!
You shoot an arrow. The arrow hits Robin.
You kill Robin!
The goblin barely misses you. The goblin closely misses you.
You shoot an arrow. The arrow misses the goblin.
The goblin hits you with a +0 dagger. The hobgoblin closely misses you.
You shoot an arrow. The arrow closely misses the goblin.
The goblin misses you. The goblin closely misses you. The hobgoblin hits you.
You die...

...# .... ......... #
...# ........# .# ....
...(....# #. ...#
.........##. ...#
.........)g ...#
........g ...# .##....gg#
.... .......g@# ....
.##....g.# ......
.........# .......
.........##
.........)...###..#
.....##.......###.######.
...>.#..#................
.......##...#...#.#####.#
.....# #..............#


You could see 2 hobgoblins and 4 goblins.

Vanquished Creatures
  Natasha (twice) (D:2 D:1)
  Robin (D:2)
  An adder (D:2)
  3 ball pythons (D:1)
  2 bats
  2 endoplasms
  2 giant cockroaches
  7 goblins
  3 hobgoblins (D:1)
  A quokka (D:2)
  A frilled lizard (D:1)
  7 kobolds (D:1)
  A rat (D:2)
33 creatures vanquished.

Notes
Turn   | Place    | Note
-------+----------+-------------------------------------------
     0 | D:1      | qw the Spriggan Hunter began the quest for the Orb.
     0 | D:1      | Reached XP level 1. HP: 10/10 MP: 2/2
     0 | D:1      | 0 ||| qw: Version: 0.3-a-160-g6735b56
     0 | D:1      | 0 ||| qw: Game counter: 4406
     0 | D:1      | 0 ||| qw: Melee chars always use a shield: true
     0 | D:1      | 0 ||| qw: God list: Okawaru
     0 | D:1      | 0 ||| qw: Allow faded altars: false
     0 | D:1      | 0 ||| qw: Do Orc after clearing Dungeon:15 true
     0 | D:1      | 0 ||| qw: Do second Lair branch before Depths: true
     0 | D:1      | 0 ||| qw: Lair rune preference: random
     0 | D:1      | 0 ||| qw: Goals: Normal
     0 | D:1      | 0 ||| PLANNING D:1-11
    80 | D:1      | Reached skill level 3 in Dodging
    92 | D:1      | Found Naseogud's Magic Scroll Emporium.
    97 | D:1      | 97 ||| SHOPLISTING scroll of enchant armour (75 gold, have
                  | 0).
    97 | D:1      | 97 ||| SHOPLISTING scroll of identify (20 gold, have 0).
    97 | D:1      | 97 ||| SHOPLISTING scroll of teleportation (30 gold, have
                  | 0).
   273 | D:1      | Reached XP level 2. HP: 14/14 MP: 3/3
   739 | D:1      | 739 ||| READING 3 scrolls labelled JOSONI GUGEULI.
   739 | D:1      | 739 ||| IDENTIFYING sedimented pink potion
   740 | D:1      | 740 ||| READING 2 scrolls of identify.
   740 | D:1      | 740 ||| IDENTIFYING ruby potion
   741 | D:1      | 741 ||| DROPPING scroll of butterflies.
   758 | D:2      | 758 ||| STAIRDANCE
   813 | D:2      | Noticed Natasha
   824 | D:2      | Killed Natasha
   825 | D:2      | Reached XP level 3. HP: 6/18 MP: 4/4
   831 | D:2      | Noticed Natasha
   832 | D:2      | 832 ||| FLEEEEING.
   833 | D:2      | 833 ||| FLEEEEING.
   834 | D:2      | 834 ||| STAIRDANCE
   878 | D:2      | 878 ||| STAIRDANCE
   905 | D:2      | 905 ||| STAIRDANCE
   909 | D:1      | Killed Natasha
   910 | D:1      | Reached skill level 5 in Ranged Weapons
   910 | D:1      | Reached XP level 4. HP: 22/22 MP: 5/5
  1103 | D:2      | Noticed Robin
  1113 | D:2      | Killed Robin
  1114 | D:2      | HP: 3/22 [goblin/+0 dagger[Robin] (6)]
  1115 | D:2      | Slain by a hobgoblin

Levels and vault maps discovered:
D:1:      dpeg_arrival_solitude, layout_basic, serial_shops,
          nicolae_shop_rolling_square
D:2:      minmay_alternating_diamond, layout_rooms, uniq_robin, uniq_natasha

Skill      XL: |  1  2  3 |
---------------+----------+-----
Dodging        | 3 4 |  4.7
Ranged Weapons | 5 |  5.1
Fighting       | |  1.5
Stealth        | |  1.5

Action                     |  1- 3 |  4- 6 || total
---------------------------+-------+-------++-------
   Fire: Shortbow          |    87 |    28 ||   115
    Use: Scroll            |     2 |       ||     2
 Armour: Robe              |     7 |     9 ||    16
  Dodge: Dodged            |    34 |    14 ||    48

Table legend:
 A = Non-vault XP
 B = Vault XP
 C = Vault XP percentage of total XP
 D = Non-vault monster count
 E = Vault monster count
 F = Vault count percentage of total count
                 A         B        C        D         E       F
            +---------+---------+-------+---------+---------+-------
      Total |      89 |      59 |  39.9 |      27 |       6 |  18.2
            +---------+---------+-------+---------+---------+-------
        D:1 |      67 |       0 |   0.0 |      21 |       0 |   0.0
        D:2 |      22 |      59 |  72.8 |       6 |       6 |  50.0
            +---------+---------+-------+---------+---------+-------
